 Dungeon Crawl Stone Soup version 0.28.0-45-g0d030f2227 (webtiles) character file.

Game seed: 5587457202255658241

1929 pkoi the Martial Artist (level 8, -5/70 HPs)
             Began as a Demigod Gladiator on Apr 15, 2022.
             Slain by a yak (12 damage)
             ... on level 9 of the Dungeon.
             The game lasted 00:10:02 (9644 turns).

pkoi the Martial Artist (Demigod Gladiator)         Turns: 9644, Time: 00:10:03

Health: -5/70      AC: 13    Str: 19    XL:     8   Next: 65%
Magic:  10/10      EV:  6    Int: 10    God:
Gold:   231        SH:  0    Dex: 19    Spells: 7/7 levels left

rFire   + . .      SeeInvis .     - Unarmed
rCold   . . .      Faith    .   (no shield)
rNeg    . . .      Spirit   .   n - +0 plate armour
rPois   .          Reflect  .   p - +2 hat
rElec   .          Harm     .   q - +0 cloak
rCorr   .          Rampage  .   (no gloves)
Will    .....                   (no boots)
Stlth   ..........              (no amulet)
HPRegen 0.21/turn               o - ring of protection from fire
MPRegen 0.12/turn               (no ring)

@: lit by a corona, glowing
A: high MP 1, forlorn, divine attributes
a: no special abilities


You were on level 9 of the Dungeon.
You visited 1 branch of the dungeon, and saw 7 of its levels.

You collected 231 gold pieces.

Inventory:

Hand Weapons
 g - a +0 whip of protection
Missiles
 c - 2 throwing nets
 e - 12 poisoned darts (quivered)
Armour
 n - a +0 plate armour (worn)
 p - a +2 hat (worn)
 q - a +0 cloak (worn)
Jewellery
 o - a ring of protection from fire (left hand)
Wands
 l - a wand of paralysis (7)
 r - a wand of mindburst (21)
Scrolls
 a - a scroll of identify
 d - a scroll of summoning
Potions
 b - a potion of brilliance {unknown}
 f - 5 potions of flight
 h - 4 potions of mutation
 j - 3 potions of magic
 k - a potion of ambrosia
 m - a potion of berserk rage


   Skills:
 + Level 5.9 Fighting
 - Level 1.7 Throwing
 - Level 2.6 Dodging
 * Level 8.6 Unarmed Combat
 + Level 3.5 Evocations


You had 7 spell levels left.
You didn't know any spells.
Your spell library contained the following spells:

 Spells                   Type           Power      Damage    Failure   Level
 Stone Arrow              Conj/Erth      0%         3d7       100%        3
 Animate Armour           Summ/Erth      0%         N/A       100%        4
 Passage of Golubria      Tloc           0%         N/A       100%        4
 Alistair's Intoxication  Tmut/Pois      0%         N/A       100%        5
 Borgnjor's Vile Clutch   Necr/Erth      0%         N/A       100%        5
 Metabolic Englaciation   Hex/Ice        0%         N/A       100%        5
 Silence                  Hex/Air        0%         N/A       100%        5
 Eringya's Noxious Bog    Tmut/Pois      0%         N/A       100%        6
 Lehudib's Crystal Spear  Conj/Erth      0%         10d2      100%        8


Dungeon Overview and Level Annotations

Branches:
Dungeon (6/15)             Temple (0/1) D:5

Shops:
D:1 ![![

Annotations:
D:6 Pikel


Innate Abilities, Weirdness & Mutations

You have an increased reservoir of magic. (+10% MP)
You shall have no god before yourself.
Your divine heritage dramatically boosts your attributes as you level up.


Message History

* * * LOW HITPOINT WARNING * * *
The gnoll barely misses you.
A centaur comes into view.
The centaur shouts!
You hear a shout!
The centaur moves out of view.
The centaur closely misses you. The centaur barely misses you.
A centaur comes into view.
The centaur hits you but does no damage.
The centaur kicks you but does no damage.
The centaur wields a +0 shortbow.
The centaur shoots an arrow.
The arrow hits you.
* * * LOW HITPOINT WARNING * * *
The centaur barely misses you. The centaur kicks you.
* * * LOW HITPOINT WARNING * * *
The centaur hits you but does no damage.
The centaur kicks you but does no damage.
The centaur shoots an arrow.
The arrow hits you!
* * * LOW HITPOINT WARNING * * *
The centaur hits you but does no damage.
The centaur kicks you but does no damage.
The centaur shoots an arrow.
The arrow hits you.
* * * LOW HITPOINT WARNING * * *
The centaur wields a +0 shortbow.
The centaur shoots an arrow.
The arrow hits you!
* * * LOW HITPOINT WARNING * * *
The centaur shoots an arrow.
The arrow hits you but does no damage.
The centaur shoots an arrow.
The arrow hits you.
* * * LOW HITPOINT WARNING * * *
The centaur shoots an arrow.
The arrow hits you!
* * * LOW HITPOINT WARNING * * *
The centaur shoots an arrow.
The arrow hits you.
* * * LOW HITPOINT WARNING * * *
The centaur shoots an arrow.
The arrow barely misses you.
Found a stone staircase leading up.
You hear the faint creaking of a very distant portcullis.
The centaur shoots an arrow.
The arrow hits you!
* * * LOW HITPOINT WARNING * * *
There is a stone staircase leading up here.
The yak gores you!
You die...

## .#
.########
.##.....####
.##........#
...........#
.#
...........#
.#
...........#
######.#
...........#
#@.....#
..>.....Y..##
##Yc....#
.........g..#
#.c.....#
......##.Ygg#
#......###..
#.....##...O#
#..........#
... ##.#g#
#....###.#..
#.#g# ####Y#
# ..#.# #g#
...#Y# #.#


You could see 2 yaks, 2 centaurs and a gnoll shaman.

Vanquished Creatures
  Sigmund (D:3)
  A water moccasin (D:4)
  2 black bears
  A sky beast (D:4)
  An orc warrior (D:5)
  2 necrophages (D:5)
  3 ogres
  A centaur (D:6)
  2 lemures (D:5)
  A scorpion (D:5)
  2 water moccasin skeletons (D:4)
  3 wights (D:4)
  A howler monkey (D:5)
  A hound (D:4)
  2 orc priests
  Crazy Yiuf (D:4)
  A bullfrog skeleton (D:4)
  A jelly (D:5)
  A centaur skeleton (D:5)
  Terence (D:3)
  2 iguanas
  2 orc wizards
  A hound zombie (D:5)
  Robin (D:3)
  4 adders
  An ufetubus (D:5)
  3 worms
  5 dart slugs
  11 orcs
  6 endoplasms
  6 hobgoblins
  5 kobolds
  2 quokkas
  6 ball pythons
  9 bats
  4 frilled lizards
  13 goblins
  6 rats
116 creatures vanquished.

Vanquished Creatures (collateral kills)
  A hobgoblin (D:2)
  A rat (D:2)
2 creatures vanquished.

Vanquished Creatures (others)
  4 plants (D:3)
4 creatures vanquished.

Grand Total: 122 creatures vanquished

Notes
Turn   | Place    | Note
-------+----------+-------------------------------------------
     0 | D:1      | pkoi the Demigod Gladiator began the quest for the Orb.
     0 | D:1      | Reached XP level 1. HP: 17/17 MP: 3/3
    62 | D:1      | Reached skill level 3 in Unarmed Combat
   262 | D:1      | Reached XP level 2. HP: 14/24 MP: 4/4
   387 | D:1      | Found Leffullo's Distillery.
   435 | D:1      | Found Simuufi's Armour Boutique.
   661 | D:1      | Found Panioj's Armour Boutique.
   775 | D:1      | Found Teapliox's Distillery.
  1209 | D:2      | Reached XP level 3. HP: 30/30 MP: 5/5
  1711 | D:2      | Identified the +1 robe of Nemelex Xobeh's Fury {Str+8
                  | Slay-2}
  2084 | D:3      | Noticed Robin
  2425 | D:3      | Reached skill level 4 in Unarmed Combat
  2806 | D:3      | Killed Robin
  2807 | D:3      | Reached XP level 4. HP: 33/37 MP: 6/6
  3010 | D:3      | Noticed Sigmund
  3501 | D:3      | Noticed Terence
  3519 | D:3      | Killed Terence
  3763 | D:3      | Killed Sigmund
  3764 | D:3      | Reached skill level 5 in Unarmed Combat
  3764 | D:3      | Reached XP level 5. HP: 23/45 MP: 7/7
  4143 | D:4      | Noticed an ogre
  4159 | D:4      | Killed an ogre
  4160 | D:4      | Reached XP level 6. HP: 52/52 MP: 8/8
  4754 | D:4      | Reached skill level 6 in Unarmed Combat
  5008 | D:4      | Noticed a water moccasin
  5019 | D:4      | Killed a water moccasin
  5020 | D:4      | Reached XP level 7. HP: 60/60 MP: 9/9
  5677 | D:4      | Found a runed translucent door.
  5678 | D:4      | Noticed Crazy Yiuf
  6015 | D:4      | Killed Crazy Yiuf
  6267 | D:5      | Entered Level 5 of the Dungeon
  6284 | D:4      | Reached skill level 1 in Evocations
  6390 | D:4      | Reached skill level 7 in Unarmed Combat
  6469 | D:5      | Reached skill level 5 in Fighting
  7088 | D:5      | Reached XP level 8. HP: 53/68 MP: 10/10
  7397 | D:5      | Reached skill level 8 in Unarmed Combat
  7566 | D:5      | Got the Guide on Ashen Enchantment
  8159 | D:5      | Found a staircase to the Ecumenical Temple.
  8320 | D:6      | Noticed Pikel
  9535 | D:6      | You fall into a shaft and drop 3 floors!
  9535 | D:9      | Noticed a troll
  9581 | D:9      | Noticed a two-headed ogre
  9644 | D:9      | Slain by a yak

Illustrated notes

Levels and vault maps discovered:
D:1:      amcnicky_arrival_underground_garden, layout_basic, serial_shops,
          nicolae_lakefront_shop, shop, shop, nicolae_shop_crystal
D:2:      layout_loops_cross, hellmonk_ecumenical_altar_crossroads
D:3:      layout_basic, guppyfry_early_lair_pool, uniq_terence, uniq_robin,
          uniq_sigmund
D:4:      layout_basic, mainiacjoe_overflow_large_starburst,
          uniq_crazy_yiuf_cottage
D:5:      layout_rooms, overflow_temple_1_default,
          minmay_temple_entry_overgrown, fountainhead, minmay_quadrilaterals
D:6:      layout_rooms, mainiacjoe_overflow_cross_hatched, uniq_pikel,
          uniq_menkaure
D:9:      layout_basic, mainiacjoe_overflow_alcove_1, hiddenorc2_lemuel,
          enter_bailey_5, nrook_mini_backslash

Skill      XL: |  1  2  3  4  5  6  7  8 |
---------------+-------------------------+-----
Unarmed Combat | 3 4 5 6 7 8 |  8.6
Fighting       | 2 3 4 5 |  5.9
Evocations     | 2 3 |  3.5
Throwing       | |  1.7
Dodging        | |  2.6

Action                   |  1- 3 |  4- 6 |  7- 9 || total
-------------------------+-------+-------+-------++-------
Melee: Unarmed           |   187 |   110 |   205 ||   502
       Punch             |     5 |     6 |    10 ||    21
Throw: Dart              |       |     8 |     5 ||    13
       Throwing net      |       |     1 |       ||     1
Evoke: Wand              |       |     2 |     1 ||     3
  Use: Scroll            |     1 |     5 |     6 ||    12
       Potion            |     1 |       |       ||     1
 Stab: Held in net/web   |       |     2 |       ||     2
       Paralysed         |       |     5 |       ||     5
Armor: Leather armour    |    25 |       |       ||    25
       Scale mail        |    41 |    31 |    67 ||   139
       Plate armour      |       |       |    32 ||    32
Dodge: Dodged            |   106 |    56 |   142 ||   304
